 Dungeon Crawl Stone Soup version 0.21-a0-401-g0b6bec4 (webtiles) character file.

37 doyalikewaff the Sneak (level 3, -3/16 HPs)
             Began as a Vine Stalker Enchanter on Oct 25, 2017.
             Slain by an ooze (4 damage)
             ... on level 2 of the Dungeon.
             The game lasted 00:11:53 (1459 turns).

doyalikewaff the Sneak (Vine Stalker Enchanter)     Turns: 1459, Time: 00:11:53

Health: -3/16      AC:  2    Str: 11    XL:     3   Next: 39%
Magic:  0/7        EV: 12    Int: 15    God:
Gold:   41         SH:  0    Dex: 14    Spells: 0/6 levels left

rFire    . . .     SeeInvis .   a - +1 dagger
rCold    . . .     Gourm    .   (no shield)
rNeg     . . .     Faith    .   b - +0 robe
rPois    .         Spirit   +   (no helmet)
rElec    .         Reflect  .   (no cloak)
rCorr    .         Harm     .   (no gloves)
MR       .....                  (no boots)
Stlth    +++.......             (no amulet)
HPRegen  0.05/turn              (no ring)
MPRegen  0.10/turn              (no ring)

@: no status effects
A: fangs 2, magic shield, antimagic bite, no potion heal 3, rot immunity
a: no special abilities


You were on level 2 of the Dungeon.
You were hungry.

You visited 1 branch of the dungeon, and saw 2 of its levels.

You collected 41 gold pieces.

Inventory:

Hand Weapons
 a - a +1 dagger (weapon)
Armour
 b - a +0 robe (worn)
Scrolls
 g - a scroll of immolation {unknown}
 h - a scroll of blinking {unknown}
 i - 2 scrolls of enchant armour {unknown}
 j - 2 scrolls of identify {unknown}
 k - 2 scrolls of teleportation {unknown}
Potions
 e - 3 potions of curing {unknown}
 f - a potion of lignification {unknown}
 l - a potion of berserk rage {unknown}
Books
 c - a book of Maledictions

   Spells                             Type                      Level
   a - Corona                         Hexes                        1
   b - Ensorcelled Hibernation        Hexes/Ice                    2
   c - Confuse                        Hexes                        3
   d - Tukima's Dance                 Hexes                        3
   e - Dazzling Spray                 Conjuration/Hexes            3
Comestibles
 d - 3 bread rations


   Skills:
 + Level 2.3 Short Blades
 - Level 1.7 Dodging
 - Level 4.0 Stealth
 - Level 2.2 Spellcasting
 - Level 3.0 Hexes


You couldn't memorise any spells.
You knew the following spells:

 Your Spells              Type           Power        Failure   Level  Hunger
a - Corona                Hex            ##.....      6%          1    #......
b - Ensorcelled Hibernat  Hex/Ice        #.....       17%         2    ###....
c - Tukima's Dance        Hex            ##......     19%         3    ###....


Dungeon Overview and Level Annotations

Branches:
Dungeon (2/15)

Altars:


Innate Abilities, Weirdness & Mutations

You have extremely sharp teeth.
When hurt, damage is shared between your health and your magic reserves.
Your bite disrupts and absorbs the magic of your enemies.
Potions cannot restore your health.
You are immune to rotting.


Message History

The ooze quivers.
You hit the bat but do no damage.
The bat is severely wounded.
The bat hits you but does no damage.
You hit the bat.
You kill the bat!
The ooze hits you.
* * * LOW HITPOINT WARNING * * *
You hit the ooze.
The ooze is lightly wounded.
You hit the ooze but do no damage.
The ooze is lightly wounded.
The ooze barely misses you.
You hit the ooze. You bite the ooze. You drain its power.
You feel invigorated.
The ooze is heavily wounded.
The ooze hits you.
You hit the ooze but do no damage.
The ooze is heavily wounded.
The ooze hits you.
You die...

w. #.#.#
#.##.#.#
##.##.#.#
..##.#.#
#.##.#.# #
#.##.#.# #.
#....#.#
#..####....?.#
#......@J.)..#
##...<.......#
#####..†....#
##.....##
##....# ##.#.#
#.#.# #.#.#
#.#.#


You could see an ooze.

Vanquished Creatures
  An ooze (D:1)
  A worm (D:2)
  A dart slug (D:1)
  A leopard gecko (D:1)
  A ball python (D:1)
  2 giant cockroaches (D:1)
  3 goblins (D:1)
  2 hobgoblins (D:1)
  3 jackals (D:1)
  3 bats
  A frilled lizard (D:2)
  2 kobolds
  5 rats (D:1)
26 creatures vanquished.

Notes
Turn   | Place    | Note
-------+----------+-------------------------------------------
     0 | D:1      | doyalikewaff the Vine Stalker Enchanter began the quest for the Orb.
     0 | D:1      | Reached XP level 1. HP: 9/9 MP: 4/4
    41 | D:1      | Reached skill level 4 in Stealth
    44 | D:1      | Reached XP level 2. HP: 9/13 MP: 4/6
    77 | D:1      | Learned a level 2 spell: Ensorcelled Hibernation
    98 | D:1      | Reached skill level 1 in Short Blades
   925 | D:1      | Reached XP level 3. HP: 16/16 MP: 7/7
   938 | D:1      | Learned a level 3 spell: Tukima's Dance
  1459 | D:2      | Slain by an ooze

Vault maps used:
D:1:      dpeg_arrival_tiny_a, columned_hall_lemuel
D:2:      minmay_misc_feat_chi

Skill      XL: |  1  2 |
---------------+-------+-----
Stealth        | 4 |  4.0
Short Blades   | 2 |  2.3
Dodging        | |  1.7
Spellcasting   | |  2.2
Hexes          | |  3.0

Action                   || total
-------------------------++-------
Melee: Dagger            ||   107
       Bite              ||    22
 Cast: Corona            ||     1
       Ensorcelled Hiber ||     2
 Stab: Sleeping          ||     3
  Eat: Chunk             ||     1
Armor: Robe              ||    18
Dodge: Dodged            ||    56

Table legend:
 A = Spawn XP
 B = Non-spawn XP
 C = Spawn XP percentage of total XP
 D = Spawn monster count
 E = Non-spawn monster count
 F = Spawn count percentage of total count
 G = Total turns spent on level
                    A         B        C        D         E        F      G
               +---------+---------+-------+---------+---------+-------+---------
         Total |       0 |      53 |   0.0 |       0 |      26 |   0.0 |  1459
               +---------+---------+-------+---------+---------+-------+---------
           D:1 |       0 |      44 |   0.0 |       0 |      22 |   0.0 |  1412
           D:2 |       0 |       9 |   0.0 |       0 |       4 |   0.0 |    47
               +---------+---------+-------+---------+---------+-------+---------
